 Dungeon Crawl Stone Soup version 0.31-a0-986-g5e6e4ef867 (webtiles) character file.

Game seed: 12240087211626192238

60 horus123 the Magician (level 3, -9/19 HPs)
             Began as a Deep Elf Earth Elementalist on Nov 22, 2023.
             Killed by divine providence
             ... invoked by an orc priest
              (12 damage)
             ... on level 3 of the Dungeon.
             The game lasted 00:02:47 (2290 turns).

horus123 the Magician (Deep Elf Earth Elementalist) Turns: 2290, Time: 00:02:48

Health: -9/19      AC:  3    Str:  5    XL:     3   Next: 82%
Magic:  8/12       EV: 12    Int: 21    God:
Gold:   75         SH:  0    Dex: 15    Spells: 10/13 levels left

rFire   . . .        n - +0 falchion
rCold   . . .        (no shield)
rNeg    . . .        a - +0 robe
rPois   +            (no helmet)
rElec   .            (no cloak)
rCorr   .            (no gloves)
SInv    .            c - +0 pair of boots
Will    .....        (no amulet)
Stlth   ++           j - ring of poison resistance
HPRegen 0.23/turn    (no ring)
MPRegen 0.13/turn

%: no passive effects
@: no status effects
A: no striking features
a: no special abilities


You were on level 3 of the Dungeon.
You visited 1 branch of the dungeon, and saw 3 of its levels.

You collected 75 gold pieces.

Inventory:

Hand Weapons
 n - a +0 falchion (weapon)
Armour
 a - a +0 robe (worn)
 c - a +0 pair of boots (worn)
Jewellery
 j - a ring of poison resistance (left hand)
Scrolls
 d - 3 scrolls of identify {unknown}
 f - a scroll of blinking {unknown}
 i - a scroll of revelation {unknown}
 o - a scroll of amnesia {unknown}
Potions
 b - a potion of magic
 e - a potion of resistance {unknown}
 g - a potion of cancellation {unknown}
 k - 3 potions of curing {unknown}
 l - a potion of enlightenment {unknown}
 m - a potion of invisibility {unknown}


   Skills:
 - Level 2.4 Dodging
 - Level 2.4 Stealth
 + Level 5.8 Spellcasting
 - Level 1.1 Transmutations
 - Level 3.2 Earth Magic


You had 10 spell levels left.
You knew the following spells:

 Your Spells              Type           Power      Damage    Failure   Level
a - Sandblast             Erth           38%        2d10      2%          1
b - Passwall              Tmut/Erth      12%        N/A       6%          2

Your spell library contained the following spells:

 Spells                   Type           Power      Damage    Failure   Level
 Magic Dart               Conj           24%        1d4       10%         1
 Call Imp                 Summ           12%        N/A       16%         2
 Stone Arrow              Conj/Erth      24%        3d8       16%         3
 Mephitic Cloud           Conj/Pois/Air  6%         N/A       30%         3
 Petrify                  Tmut/Erth      15%        N/A       38%         4
 Brom's Barrelling Bould  Conj/Erth      12%        2d4       45%         4


Dungeon Overview and Level Annotations

Branches:
Dungeon (3/15)

Altars:

Shops:
D:2 :[**


Message History

A rat comes into view.
An orc comes into view. It is wielding a +0 hand axe.
The blast of sand hits the orc!
You kill the orc!
The orc shouts!
An orc priest comes into view. It is wielding a +0 whip.
The blast of sand hits the orc!
You kill the orc!
The orc priest mumbles some strange prayers to Beogh against you.
Beogh smites you!
Ouch! That really hurt!
You are too injured to fight recklessly!
You are too injured to fight recklessly!
You are too injured to fight recklessly!
Things that are here:
a +0 whip; an orc corpse You hit the orc but do no damage.
The orc hits you with a +0 hand axe.
* * * LOW HITPOINT WARNING * * *
Aiming: Sandblast (safe; 2% risk of failure)
Press: ? - help, Q - select action, (/) - cycle Shift-Dir - straight line, f - orc
Aim: an orc, wielding a +0 hand axe and wearing a +0 ring mail (84% to hit)
The blast of sand hits the orc.
The orc is severely wounded.
The orc priest looks satisfied for a moment.
The orc barely misses you.
Aiming: Sandblast (safe; 2% risk of failure)
Press: ? - help, Q - select action, (/) - cycle Shift-Dir - straight line, f/p - orc
Aim: an orc, wielding a +0 hand axe and wearing a +0 ring mail (severely wounded, 84% to hit)
The blast of sand hits the orc!
You kill the orc!
The rat bites you but does no damage.
Aiming: Sandblast (safe; 2% risk of failure)
Press: ? - help, Q - select action, (/) - cycle Shift-Dir - straight line, f - rat
Aim: a rat (82% to hit)
The blast of sand hits the rat!
You kill the rat!
The orc priest mumbles some strange prayers to Beogh against you.
Beogh smites you!
Ouch! That really hurt!
You die...

#####.#.#.#.#.#
........#.#.#.##..#
#####.##.........#
#.#<..#.#.#### #
#...#.#.### #
#...#.....#
#.#...#.....#
#.....#.....#
.##)@..#.####### #.
#)####........ ...
######### ....o
..#.... . #..## ###


You could see an orc priest.

Vanquished Creatures
  2 adders (D:2)
  4 orcs (D:3)
  3 endoplasms
  A giant cockroach (D:2)
  3 goblins (D:1)
  3 hobgoblins
  7 jackals
  A quokka (D:1)
  2 ball pythons (D:1)
  3 bats
  A frilled lizard (D:2)
  3 kobolds
  2 rats
35 creatures vanquished.

Notes
Turn   | Place    | Note
-------+----------+-------------------------------------------
     0 | D:1      | horus123 the Deep Elf Earth Elementalist began the quest
                  | for the Orb.
     0 | D:1      | Reached XP level 1. HP: 10/10 MP: 6/6
     1 | D:1      | Noticed an electric eel
   508 | D:1      | Reached skill level 4 in Spellcasting
   508 | D:1      | Reached XP level 2. HP: 15/15 MP: 6/9
  1234 | D:1      | Learned a level 2 spell: Passwall
  1350 | D:2      | Found Yrgho's Antique Armour Boutique.
  1396 | D:2      | Found Fayt's Distillery.
  1501 | D:2      | Reached skill level 5 in Spellcasting
  1501 | D:2      | Reached XP level 3. HP: 19/19 MP: 7/11
  1602 | D:2      | Found Feskiule's Book Emporium.
  1797 | D:2      | Found Kaitag's General Store.
  1964 | D:2      | Found Gyloiq's Assorted Antiques.
  2290 | D:3      | Killed from afar by an orc priest

Illustrated notes

Levels and vault maps discovered:
D:1:      arrival_aquarium_a, layout_basic, hangedman_decor_push, minivault_27
D:2:      layout_loops_corners, serial_shops, nicolae_shop_tiny_real_fake_doors,
          shop, shop, nicolae_square_shop, shop, item_on_display_b
D:3:      layout_basic, gammafunk_temple_overflow_forgotten,
          nicolae_hexahallways, uniq_crazy_yiuf_cottage

Skill      XL: |  1  2 |
---------------+-------+-----
Spellcasting   | 4 5 |  5.8
Dodging        | |  2.4
Stealth        | |  2.4
Transmutations | |  1.1
Earth Magic    | |  3.2

Action                     || total
---------------------------++-------
  Melee: Dagger            ||    10
         Falchion          ||     1
   Cast: Sandblast         ||    48
 Armour: Robe              ||    23
  Dodge: Dodged            ||    29

Table legend: (Time is in decaauts)
 A = Elapsed time spent in this place.
 B = Non-inter-level travel time spent in this place.
 C = Inter-level travel time spent in this place.
 D = Time resting spent in this place.
 E = Time spent auto-exploring this place.
 F = Levels seen in this place.
 G = Mean time per level.
                   A        B        C        D        E       F      G
               +--------+--------+--------+--------+--------+-----+--------+
         Total |   2311 |   2291 |     20 |     23 |   2039 |   3 |  770.3 |
       Dungeon |   2311 |   2291 |     20 |     23 |   2039 |   3 |  770.3 |
               +--------+--------+--------+--------+--------+-----+--------+

Top non-repeatable levels by time:
     D:1: 1252 daAuts
     D:2: 969 daAuts
     D:3: 89 daAuts
